 Dungeon Crawl Stone Soup version bcrawl-1.35.4c (webtiles) character file.

Game seed: 6300823922388543311

106655 HammerPanzer the Cudgeler (level 4, -1/39 HPs)
             Began as a Minotaur Berserker on Feb 6, 2022.
             Was a Believer of Trog.
             Succumbed to an orc's poison
             ... on level 3 of the Dungeon.
             The game lasted 00:03:17 (2239 turns).

HammerPanzer the Cudgeler (Minotaur Berserker)      Turns: 2239, Time: 00:03:17

Health: -1/39      AC:  8    Str: 23    XL:     4   Next: 9%
Magic:  3/3        EV:  8    Int:  4    God:    Trog [**....]
Gold:   63         SH:  0    Dex:  9    Spells: 3/3 levels left

rFire    . . .     SeeInvis .   a - +0 mace
rCold    . . .     Gourm    .   (no shield)
rNeg     . . .     Faith    .   d - +0 chain mail
rPois    .         Spirit   .   (helmet restricted)
rElec    .         Reflect  .   (no cloak)
rCorr    .                      (no gloves)
MR       .....                  (no boots)
Stlth    ..........             (no amulet)
HPRegen  0.13/turn              (no ring)
MPRegen  0.08/turn              (no ring)

@: lethally poisoned (-1 -> -17), berserk cooldown, slowed, very slow
A: retaliatory headbutt, horns 2
a: Berserk, Trog's Hand, Renounce Religion


You were on level 3 of the Dungeon.
You worshipped Trog.
Trog was pleased with you.
You were hungry.

You visited 1 branch of the dungeon, and saw 3 of its levels.

You collected 63 gold pieces.

Inventory:

Hand Weapons
 a - a +0 mace (weapon)
Armour
 d - a +0 chain mail (worn)
Jewellery
 m - a cursed -3 ring of evasion {unknown}
Wands
 g - a wand of paralysis (8)
Scrolls
 b - a scroll of enchant armour {unknown}
 c - 3 scrolls of remove curse {unknown}
 f - a scroll of immolation {unknown}
Potions
 h - 2 potions of flight
 i - a potion of mutation {unknown}
 j - a potion of magic {unknown}
 k - a potion of resistance {unknown}
 l - a potion of agility {unknown}
 n - a potion of haste {unknown}
Comestibles
 e - 4 rations {!d}
 o - 2 chunks of flesh


   Skills:
 - Level 3.6 Fighting
 * Level 6.0 Maces & Flails
 - Level 2.4 Armour
 - Level 2.1 Dodging


You had 3 spell levels left.
You didn't know any spells.
Your spell library was empty.

Dungeon Overview and Level Annotations

Branches:
Dungeon (3/12)

Altars:
Lugonu
Nemelex Xobeh


Innate Abilities, Weirdness & Mutations

You reflexively headbutt those who attack you in melee.
You have a pair of horns on your head.


Message History

You kill the orc!
Trog accepts your kill.
* * * LOW HITPOINT WARNING * * *
You feel sick.
* * * LOW HITPOINT WARNING * * *
You feel sick.
Items here: $ ( ) [ † a +0 flail; 76 poisoned tomahawks; a +0 chain mail; 12 gold pieces an orc corpse You feel a strong urge to attack something.
* * * LOW HITPOINT WARNING * * *
You feel sick.
You are no longer berserk.
You are exhausted.
You feel yourself slow down.
* * * LOW HITPOINT WARNING * * *
You feel sick.
* * * LOW HITPOINT WARNING * * *
You feel very sick.
You die...

.# # #.#
#####.#####.#
.$.....).##.###
#.######......#
#....%.####
#..........
#.@....###
##......##
#...#....###
#...#........#
§.)#...####)#.# #
#.####.####..÷.##.#
. #....>.......#
######..<.####
##.#.#


There were no monsters in sight!

Vanquished Creatures
  2 adders (D:3)
  2 worms (D:2)
  A dart slug (D:2)
  4 leopard geckos
  An orc (D:3)
  2 giant cockroaches (D:1)
  A goblin (D:1)
  5 hobgoblins
  7 jackals
  5 kobolds
  A ball python (D:2)
  3 bats (D:2)
  3 frilled lizards
  3 rats
40 creatures vanquished.

Notes
Turn   | Place    | Note
-------+----------+-------------------------------------------
     0 | D:1      | HammerPanzer the Minotaur Berserker began the quest for the
                  | Orb.
     0 | D:1      | Reached XP level 1. HP: 19/19 MP: 0/0
    39 | D:1      | Reached skill level 4 in Maces & Flails
   415 | D:1      | Reached XP level 2. HP: 26/26 MP: 1/1
  1261 | D:2      | Reached skill level 5 in Maces & Flails
  1271 | D:2      | Reached XP level 3. HP: 27/31 MP: 2/2
  1748 | D:2      | Found a corrupted altar of Lugonu.
  1748 | D:2      | Found a sparkling altar of Nemelex Xobeh.
  2215 | D:3      | Reached ** piety under Trog
  2216 | D:3      | Reached skill level 6 in Maces & Flails
  2216 | D:3      | Reached XP level 4. HP: 23/39 MP: 3/3
  2238 | D:3      | HP: 1/39 [poisoned by an orc]
  2239 | D:3      | Succumbed to an orc's poison

Skill      XL: |  1  2  3 |
---------------+----------+-----
Maces & Flails | 4 5 6 |  6.0
Fighting       | |  3.6
Armour         | |  2.4
Dodging        | |  2.1

Action                   |  1- 3 |  4- 6 || total
-------------------------+-------+-------++-------
Melee: Mace              |    92 |     1 ||    93
       Headbutt          |    15 |     1 ||    16
Invok: Berserk           |       |     1 ||     1
  Use: Scroll            |     1 |       ||     1
  Eat: Chunk             |     6 |     1 ||     7
Armor: Chain mail        |    64 |     1 ||    65
       Animal skin       |     1 |       ||     1
Dodge: Dodged            |    46 |     2 ||    48
